[ PARTIDA AOE2 · #506203637 ]
UnrankedBohemios vs Goths
Equipo del jugador · VICT
Equipo rival · DERR
[ ANÁLISIS DE REPETICIÓN · EXTRAÍDO DE LA PARTIDA GRABADA ]
Feudal
12:41
Castillos
16:12
Imperial
—
| APM promedio | 34.5 |
| APM pico | 77 |
| eAPM promedio | 20.5 |
| Aldeanos / militares | 40 / 1 |
Foco
⚔️ 29.1% · 🌾 70.9%
Monk ×1
Feudal
11:21
Castillos
15:06
Imperial
—
| APM promedio | 22.3 |
| APM pico | 40 |
| eAPM promedio | 16.4 |
| Aldeanos / militares | 37 / 0 |
Foco
⚔️ 29.0% · 🌾 71.0%
Mapa de la partida
Recursos iniciales + cada clic de construcción. Líneas = muros · curvas = relieve. ◆ oro · ⬟ piedra · ● bayas · ✦ reliquia · ◌ hueco del cierre
Tu base· ✓ Cerrada en 16:12 · 49t muro · 1 puerta(s)
Base de Ranzuun· ✓ Cerrada en 15:06 · 15t muro · sin puerta
Terreno inicial suavizado · ◌ = hueco del cierre detectado · pasá el cursor para detalles
Inputs por minuto
— PSX | King - - Ranzuun
Build order — PSX | King
92 acciones detectadas en el replay
| 0:00 | Encolar | Villager (Male) |
| 0:01 | Encolar | Villager (Male) |
| 0:02 | Construir | House |
| 0:03 | Construir | House |
| 0:20 | Encolar | Villager (Male) |
| 0:20 | Encolar | Villager (Male) |
| 0:21 | Encolar | Villager (Male) |
| 0:21 | Encolar | Villager (Male) |
| 0:38 | Construir | Palisade Wall |
| 0:41 | Construir | Palisade Gate |
| 1:35 | Construir | Palisade Wall |
| 1:38 | Construir | Palisade Wall |
| 1:39 | Construir | Palisade Wall |
| 1:40 | Construir | Palisade Wall |
| 1:47 | Encolar | Villager (Male) |
| 1:47 | Encolar | Villager (Male) |
| 2:07 | Construir | Palisade Wall |
| 2:13 | Encolar | Villager (Male) |
| 2:13 | Encolar | Villager (Male) |
| 2:39 | Encolar | Villager (Male) |
| 2:40 | Encolar | Villager (Male) |
| 2:47 | Construir | House |
| 2:48 | Construir | House |
| 3:07 | Encolar | Villager (Male) |
| 3:23 | Encolar | Villager (Male) |
| 3:23 | Encolar | Villager (Male) |
| 4:11 | Encolar | Villager (Male) |
| 4:30 | Encolar | Villager (Male) |
| 4:30 | Encolar | Villager (Male) |
| 4:45 | Construir | Lumber Camp |
| 5:01 | Encolar | Villager (Male) |
| 5:02 | Encolar | Villager (Male) |
| 5:02 | Encolar | Villager (Male) |
| 5:31 | Encolar | Villager (Male) |
| 5:31 | Encolar | Villager (Male) |
| 6:08 | Encolar | Villager (Male) |
| 6:24 | Construir | Mill |
| 6:30 | Encolar | Villager (Male) |
| 6:46 | Encolar | Villager (Male) |
| 7:00 | Investigar | Loom |
| 7:01 | Encolar | Villager (Male) |
| 7:23 | Construir | Mining Camp |
| 7:36 | Encolar | Villager (Male) |
| 8:14 | Encolar | Villager (Male) |
| 8:34 | Construir | Mill |
| 8:39 | Encolar | Villager (Male) |
| 8:54 | Construir | House |
| 9:00 | Construir | Mining Camp |
| 9:01 | Encolar | Villager (Male) |
| 9:15 | Construir | House |
| 9:17 | Encolar | Villager (Male) |
| 10:06 | Encolar | Villager (Male) |
| 10:07 | Investigar | Feudal Age |
| 10:48 | Encolar | Villager (Male) |
| 10:48 | Encolar | Villager (Male) |
| 11:09 | Construir | Farm |
| 11:12 | Construir | Farm |
| 11:24 | Construir | Farm |
| 12:41 | Edad | Edad Feudal |
| 12:42 | Construir | Market |
| 12:50 | Construir | Blacksmith |
| 13:17 | Construir | Farm |
| 13:26 | Investigar | Double-Bit Axe |
| 13:32 | Investigar | Castle Age |
| 13:32 | Investigar | Castle Age |
| 13:41 | Construir | Stone Wall |
| 13:49 | Construir | Stone Wall |
| 13:55 | Construir | Stone Wall |
| 13:56 | Construir | Stone Wall |
| 13:59 | Investigar | Horse Collar |
| 14:36 | Construir | Farm |
| 14:39 | Construir | Farm |
| 14:57 | Construir | Stone Wall |
| 15:15 | Construir | Stone Wall |
| 15:15 | Construir | Stone Wall |
| 16:03 | Construir | House |
| 16:05 | Construir | House |
| 16:08 | Construir | House |
| 16:12 | Edad | Edad de los Castillos |
| 16:24 | Construir | Farm |
| 16:30 | Encolar | Villager (Male) |
| 16:35 | Construir | Monastery |
| 16:53 | Encolar | Villager (Male) |
| 17:08 | Construir | Castle |
| 17:14 | Investigar | Fletching |
| 17:15 | Encolar | Villager (Male) |
| 17:26 | Encolar | Monk |
| 17:50 | Construir | Stone Wall |
| 17:55 | Construir | Stone Wall |
| 17:59 | Encolar | Villager (Male) |
| 18:15 | Encolar | Villager (Male) |
| 18:37 | Construir | Stone Wall |
Build order — Ranzuun
72 acciones detectadas en el replay
| 0:00 | Encolar | Villager (Male) |
| 0:01 | Encolar | Villager (Male) |
| 0:01 | Encolar | Villager (Male) |
| 0:02 | Construir | House |
| 0:03 | Construir | House |
| 0:20 | Investigar | Loom |
| 0:20 | Encolar | Villager (Male) |
| 0:21 | Encolar | Villager (Male) |
| 0:21 | Encolar | Villager (Male) |
| 0:21 | Encolar | Villager (Male) |
| 0:40 | Construir | Palisade Wall |
| 1:26 | Construir | Palisade Wall |
| 1:35 | Encolar | Villager (Male) |
| 1:59 | Construir | Lumber Camp |
| 2:05 | Encolar | Villager (Male) |
| 2:05 | Encolar | Villager (Male) |
| 2:48 | Encolar | Villager (Male) |
| 3:15 | Encolar | Villager (Male) |
| 3:46 | Construir | House |
| 3:50 | Encolar | Villager (Male) |
| 4:15 | Encolar | Villager (Male) |
| 4:46 | Encolar | Villager (Male) |
| 4:46 | Encolar | Villager (Male) |
| 4:46 | Encolar | Villager (Male) |
| 4:47 | Encolar | Villager (Male) |
| 4:54 | Construir | Mill |
| 5:43 | Encolar | Villager (Male) |
| 5:43 | Encolar | Villager (Male) |
| 5:43 | Encolar | Villager (Male) |
| 6:27 | Encolar | Villager (Male) |
| 6:32 | Construir | House |
| 6:56 | Encolar | Villager (Male) |
| 6:56 | Encolar | Villager (Male) |
| 6:56 | Encolar | Villager (Male) |
| 7:12 | Encolar | Villager (Male) |
| 7:13 | Encolar | Villager (Male) |
| 7:38 | Encolar | Villager (Male) |
| 7:40 | Encolar | Villager (Male) |
| 7:41 | Encolar | Villager (Male) |
| 7:57 | Construir | House |
| 8:47 | Construir | Mining Camp |
| 9:11 | Investigar | Feudal Age |
| 9:51 | Encolar | Villager (Male) |
| 9:51 | Encolar | Villager (Male) |
| 10:38 | Construir | Lumber Camp |
| 11:21 | Edad | Edad Feudal |
| 11:25 | Construir | Market |
| 11:29 | Construir | Blacksmith |
| 12:17 | Construir | Palisade Wall |
| 12:26 | Investigar | Castle Age |
| 12:39 | Construir | Mining Camp |
| 12:45 | Construir | Mill |
| 13:00 | Construir | House |
| 13:11 | Investigar | Stone Mining |
| 13:41 | Investigar | Double-Bit Axe |
| 14:04 | Construir | Barracks |
| 14:39 | Investigar | Horse Collar |
| 15:06 | Edad | Edad de los Castillos |
| 15:28 | Construir | Castle |
| 15:41 | Encolar | Villager (Male) |
| 16:27 | Construir | Town Center |
| 16:31 | Encolar | Villager (Male) |
| 16:56 | Encolar | Villager (Male) |
| 17:25 | Encolar | Villager (Male) |
| 18:13 | Encolar | Villager (Male) |
| 18:19 | Construir | Farm |
| 18:20 | Construir | Farm |
| 18:20 | Construir | Farm |
| 18:20 | Construir | Farm |
| 18:20 | Construir | Farm |
| 18:20 | Construir | Farm |
| 18:21 | Construir | Farm |
Cronología de la partida
| 0:38 | PSX | King · wall_segment Palisade Wall x1 |
| 0:40 | Ranzuun · wall_segment Palisade Wall x7 |
| 1:26 | Ranzuun · wall_segment Palisade Wall x7 |
| 1:35 | PSX | King · wall_segment Palisade Wall x7 |
| 1:38 | PSX | King · wall_segment Palisade Wall x1 |
| 1:39 | PSX | King · wall_segment Palisade Wall x1 |
| 1:40 | PSX | King · wall_segment Palisade Wall x1 |
| 2:07 | PSX | King · wall_segment Palisade Wall x1 |
| 11:21 | Ranzuun · age_up feudal |
| 12:17 | Ranzuun · wall_segment Palisade Wall x1 |
| 12:41 | PSX | King · age_up feudal |
| 13:41 | PSX | King · wall_segment Stone Wall x5 |
| 13:49 | PSX | King · wall_segment Stone Wall x11 |
| 13:55 | PSX | King · wall_segment Stone Wall x7 |
| 13:56 | PSX | King · wall_segment Stone Wall x1 |
| 14:04 | Ranzuun · first_building Barracks |
| 14:57 | PSX | King · wall_segment Stone Wall x14 |
| 15:06 | Ranzuun · age_up castle |
| 15:12 | Ranzuun · first_market_sell 100 wood |
| 15:14 | Ranzuun · first_market_buy 100 stone |
| 15:15 | PSX | King · wall_segment Stone Wall x1 |
| 15:15 | PSX | King · wall_segment Stone Wall x1 |
| 15:28 | Ranzuun · first_building Castle |
| 16:12 | PSX | King · age_up castle |
| 16:35 | PSX | King · first_building Monastery |
| 16:57 | PSX | King · first_market_buy 500 stone |
| 17:00 | PSX | King · first_market_sell 100 food |
| 17:08 | PSX | King · first_building Castle |
| 17:50 | PSX | King · wall_segment Stone Wall x4 |
| 17:55 | PSX | King · wall_segment Stone Wall x2 |
| 18:37 | PSX | King · wall_segment Stone Wall x2 |
| 18:40 | Ranzuun · resign |
[ ANÁLISIS IA · 1 CRÉDITO ]
¿Qué pasó realmente en esta partida?
Wolo.gg analiza cada decisión: build order, eco, micro, errores típicos por bracket. Análisis personalizado por WhatsApp o Discord en 30 segundos.
Guía civ
Bohemios
Perfil
Jugador #9733677